 Dungeon Crawl Stone Soup version 0.21.1-1-g345015f (webtiles) character file.

578 tyranidshit the Skirmisher (level 7, -19/60 HPs)
             Began as a Demonspawn Abyssal Knight on July 30, 2018.
             Was a Believer of Lugonu.
             Demolished by an ogre
             ... wielding a +0 giant spiked club
              (25 damage)
             ... on level 4 of the Dungeon.
             The game lasted 00:11:05 (3515 turns).

tyranidshit the Skirmisher (DsAK)                   Turns: 3515, Time: 00:11:07

Health: -19/60     AC: 10    Str: 15    XL:     7   Next: 13%
Magic:  8/8        EV:  7    Int: 13    God:    Lugonu [**....]
Gold:   118        SH:  0    Dex: 14    Spells: 5/6 levels left

rFire    . . .     SeeInvis .   a - +1 hand axe
rCold    . . .     Gourm    .   (no shield)
rNeg     . . .     Faith    .   i - +0 chain mail
rPois    .         Spirit   .   (helmet restricted)
rElec    .         Reflect  .   j - +0 cloak
rCorr    .         Harm     +   (no gloves)
MR       .....                  (no boots)
Stlth    ..........             f - amulet of harm
HPRegen  0.20/turn              (no ring)
MPRegen  0.11/turn              (no ring)

@: no status effects
A: antennae 2, claws 1, agile 1, powered by death 1
a: Depart the Abyss, Bend Space, Renounce Religion


You were on level 4 of the Dungeon.
You worshipped Lugonu.
Lugonu was pleased with you.
You were not hungry.

You visited 1 branch of the dungeon, and saw 5 of its levels.
You visited the Abyss 1 time.

You collected 118 gold pieces.

Inventory:

Hand Weapons
 a - a +1 hand axe (weapon)
Armour
 b - a +0 leather armour
 g - a +0 ring mail
 i - a +0 chain mail (worn)
 j - a +0 cloak (worn)
Jewellery
 f - an amulet of harm (around neck)
Wands
 c - a wand of clouds (3)
 k - a wand of digging (11)
Scrolls
 d - 7 scrolls of identify
 e - 2 scrolls of remove curse
 h - a scroll of fog
 l - a scroll of blinking
Books
 m - a book of Changes

   Spells                             Type                      Level
   a - Beastly Appendage              Transmutation                1
   b - Sticks to Snakes               Transmutation                2
   c - Spider Form                    Transmutation/Poison         3
   d - Ice Form                       Ice/Transmutation            4
   e - Blade Hands                    Transmutation                5


   Skills:
 + Level 7.1 Fighting
 - Level 2.1 Axes
 - Level 4.0 Armour
 - Level 0.8 Dodging
 - Level 2.4 Invocations


You had 5 spell levels left.
You knew the following spells:

 Your Spells              Type           Power        Failure   Level  Hunger
a - Beastly Appendage     Tmut           #.....       99%         1    ##.....


Dungeon Overview and Level Annotations

Branches:
Dungeon (5/15)
 Temple: D:4-7

Altars:
Cheibriados
Dithmenos
Okawaru
Uskayaw
Vehumet

Shops:
D:5 *


Innate Abilities, Weirdness & Mutations

You have a pair of antennae on your head.
You regenerate a little health from kills.
You have sharp fingernails.
You are agile. (Dex +2)


Message History

You finish memorising.
Spell assigned to 'a'.
You hit the ogre but do no damage.
The ogre hits you with a giant spiked club!
You hit the ogre.
The ogre is lightly wounded.
The ogre completely misses you.
You hit the ogre.
The ogre is lightly wounded.
The ogre hits you with a giant spiked club!
You hit the ogre.
The ogre is moderately wounded.
The ogre hits you with a giant spiked club!!
Ouch! That really hurt!
* * * LOW HITPOINT WARNING * * *
You hit the ogre.
The ogre is moderately wounded.
You slash the ogre!
The ogre is severely wounded.
The ogre hits you with a giant spiked club!!
You die...

###...(.รท............
###..#..#..........
#.....#..........
#.....#..........
.......#..####....
####....#..##......
.########....#..##.#####
......O.#....#..##.##...
#@#....#.........#
#.#..............#
#.#....##.^......#
#.#..............#
#................#
#.########.......#
########## #........
#........# #.......#
#........# #.......#


You could see an ogre.

Vanquished Creatures
  A black bear (D:2)
  The ghost of nicolaieve the Cudgeler, an amateur MiBe of Trog (D:3)
  A water moccasin zombie (D:5)
  2 scorpions
  A crimson imp (D:4)
  A hound (D:4)
  Ijyb (D:3)
  A worker ant (D:5)
  3 adders
  An adder skeleton (D:4)
  2 worms (D:2)
  A dart slug (D:3)
  3 leopard geckos
  10 orcs
  5 bats
  6 giant cockroaches
  11 goblins
  6 hobgoblins
  3 jackals (D:5)
  7 kobolds
  2 quokkas
  A ball python (D:3)
  7 frilled lizards
  A jackal skeleton (D:4)
  2 rats
80 creatures vanquished.

Notes
Turn   | Place    | Note
-------+----------+-------------------------------------------
     0 | Abyss:1  | tyranidshit the Demonspawn Abyssal Knight began the quest for the Orb.
     0 | Abyss:1  | Reached XP level 1. HP: 18/18 MP: 2/2
    27 | Abyss:1  | Noticed an eidolon
    37 | D:1      | Escaped the Abyss
    98 | D:1      | Reached * piety under Lugonu
   382 | D:1      | Gained mutation: You regenerate a little health from kills. [demonic ancestry]
   382 | D:1      | Reached XP level 2. HP: 22/24 MP: 3/3
   888 | D:2      | Reached skill level 4 in Fighting
   888 | D:2      | Reached XP level 3. HP: 30/30 MP: 4/4
   935 | D:2      | Found a radiant altar of Vehumet.
  1001 | D:2      | Found a hide-covered altar of Uskayaw.
  1002 | D:2      | Found an iron altar of Okawaru.
  1010 | D:2      | Found a snail-covered altar of Cheibriados.
  1010 | D:2      | Found a shadowy altar of Dithmenos.
  1198 | D:2      | HP: 1/31 [leopard gecko (3)]
  1490 | D:2      | Found a faded altar of an unknown god.
  1495 | D:2      | Noticed a black bear
  1728 | D:2      | Killed a black bear
  1728 | D:2      | Reached skill level 5 in Fighting
  1728 | D:2      | Reached XP level 4. HP: 20/40 MP: 5/5
  1728 | D:2      | Gained mutation: You have a pair of small antennae on your head. [demonic ancestry]
  1728 | D:2      | Reached XP level 5. HP: 23/46 MP: 6/6
  1874 | D:3      | Reached ** piety under Lugonu
  1896 | D:3      | Noticed nicolaieve's ghost (amateur MiBe)
  1900 | D:3      | Noticed Ijyb
  2129 | D:3      | You fall through a shaft for 2 floors!
  2129 | D:5      | Entered Level 5 of the Dungeon
  2141 | D:5      | Reached skill level 6 in Fighting
  2150 | D:5      | Found Jempitt's Assorted Antiques.
  2292 | D:3      | Reached XP level 6. HP: 29/52 MP: 7/7
  2295 | D:3      | Killed nicolaieve's ghost
  2564 | D:3      | Killed Ijyb
  2917 | D:3      | Gained mutation: You are frail. (-10% HP) [potion of mutation]
  2917 | D:3      | Lost mutation: You are frail. (-10% HP) [potion of mutation]
  2917 | D:3      | Gained mutation: You are agile. (Dex +2) [potion of mutation]
  2917 | D:3      | Gained mutation: You have sharp fingernails. [potion of mutation]
  3207 | D:4      | Gained mutation: You have a pair of antennae on your head. [demonic ancestry]
  3207 | D:4      | Reached XP level 7. HP: 12/59 MP: 8/8
  3371 | D:4      | Reached skill level 7 in Fighting
  3510 | D:4      | Learned a level 1 spell: Beastly Appendage
  3515 | D:4      | Demolished by an ogre

Skill      XL: |  1  2  3  4  5  6  7 |
---------------+----------------------+-----
Fighting       | 4 5 6 7 |  7.1
Armour         | 3 4 |  4.0
Axes           | 2 |  2.1
Dodging        | |  0.8
Invocations    | |  2.4

Action                   |  1- 3 |  4- 6 |  7- 9 || total
-------------------------+-------+-------+-------++-------
Melee: Hand axe          |   111 |   198 |    35 ||   344
Invok: Depart the Abyss  |     1 |       |       ||     1
Evoke: Wand              |       |     1 |       ||     1
  Use: Scroll            |     4 |     1 |     1 ||     6
       Potion            |     1 |     4 |       ||     5
  Eat: Ration            |     1 |     2 |       ||     3
Armor: Leather armour    |     1 |       |       ||     1
       Ring mail         |    36 |       |       ||    36
       Chain mail        |    36 |   121 |    18 ||   175
Dodge: Dodged            |    76 |    85 |    16 ||   177
